Map: Мосты РВ (LotV)

Players

wizzzt

  • Race: Zerg Zerg
  • League: Grandmaster

RuntimeError - Winner!

  • Race: Protoss Protoss
  • League: Grandmaster

VOD

Have the link to the VOD?

Description

Time

  • Played on: July 19, 2015, 7:57 a.m.
  • Length: 9:48
Show
View Real Time Build Order
Export as new Build Order

wizzzt Zerg 

Build Orders: Pool First, Muta Ling Bane 

Get SALT Encoding   

  12  0:03  Drone  
  13  0:19  Drone  
  14  0:22  Overlord  
  14  0:41  Spawning Pool  
  13  0:43  Drone x2, Extractor  
  14  0:57  Drone x2  
  16  1:10  Drone  
  17  1:24  Overlord  
  17  1:28  Queen  
  17  1:29  Zergling x2  
  20  1:39  Drone  
  21  1:57  Drone  
  21  1:59  Metabolic Boost  
  22  2:01  Zergling x2  
  23  2:11  Drone  
  24  2:18  Hatchery  
  23  2:27  Drone  
  24  2:38  Drone  
  25  2:52  Drone x4  
  29  2:59  Overlord  
  29  3:14  Lair  
  29  3:16  Overlord  
  29  3:33  Extractor  
  29  3:34  Queen  
  28  3:35  Drone  
  28  3:39  Zergling x2  
  28  3:40  Extractor, Zergling x10  
  36  3:42  Extractor  
  34  3:56  Drone x2  
  34  4:02  Baneling Nest  
  35  4:04  Evolution Chamber, Drone  
  35  4:05  Drone x4  
  35  4:06  Evolution Chamber  
  39  4:10  Drone  
  39  4:14  Drone  
  39  4:25  Spire  
  39  4:27  Overlord  
  38  4:36  Drone x2  
  38  4:37  Drone  
  41  4:47  Drone x3  
  41  4:51  Drone  
  45  4:56  Drone x2  
  46  5:12  Drone x2  
  46  5:13  Drone x4  
  51  5:23  Zergling x2  
  51  5:25  Overlord  
  51  5:26  Overlord  
  48  5:37  Zergling x2  
  48  5:38  Zergling x4  
  51  5:48  Mutalisk x4  
  59  5:50  Mutalisk  
  59  5:53  Mutalisk  
  63  6:01  Drone  
  64  6:12  Drone  
  64  6:15  Mutalisk  
  64  6:18  Overlord x3  
  67  6:20  Zerg Melee Weapons Level 1  
  67  6:22  Zerg Ground Armor Level 1  
  67  6:30  Centrifical Hooks  
  67  6:35  Overseer  
  67  6:38  Zergling x2  
  67  6:39  Zergling x10  
  73  6:48  Drone x3  
  76  6:54  Baneling x4  
  76  6:57  Zerg Flyer Weapons Level 1  
  76  7:06  Baneling  
  76  7:07  Baneling x9  
  69  7:16  Zergling x14  
  74  7:36  Mutalisk x4  
  82  7:52  Overlord  
  82  7:53  Overlord x3  
  82  7:58  Hatchery, Queen  
  83  8:10  Mutalisk  
  85  8:17  Mutalisk x2  
  85  8:19  Zergling x10  
  95  8:20  Zergling x2  
  93  9:08  Zergling x2  
  93  9:09  Zergling x10  
  93  9:23  Zergling x2  
  77  9:24  Zergling x8  
Show
View Real Time Build Order
Export as new Build Order

RuntimeError Protoss - Winner!

Build Orders:  

Get SALT Encoding   

  12  0:01  Probe  
  13  0:13  Probe  
  14  0:19  Pylon  
  14  0:37  Probe (Chrono Boost)  
  14  0:40  Gateway  
  15  0:49  Probe (Chrono Boost), Assimilator  
  16  0:54  Assimilator  
  16  0:55  Probe (Chrono Boost)  
  17  1:04  Pylon  
  17  1:07  Probe (Chrono Boost)  
  18  1:17  Probe (Chrono Boost)  
  19  1:24  Probe  
  20  1:28  Cybernetics Core  
  20  1:33  Zealot  
  20  1:36  Probe (Chrono Boost)  
  24  1:47  Probe (Chrono Boost)  
  24  1:50  Gateway  
  24  1:54  Probe (Chrono Boost)  
  25  1:57  Pylon  
  25  2:04  Warp Gate  
  25  2:05  Probe (Chrono Boost)  
  25  2:07  Sentry  
  29  2:17  Probe (Chrono Boost)  
  29  2:26  Probe  
  30  2:39  Mothership Core (Chrono Boost)  
  31  2:47  Nexus  
  31  2:58  Probe (Chrono Boost)  
  32  3:00  Robotics Facility  
  32  3:05  Probe  
  33  3:06  Sentry  
  35  3:18  Stalker  
  37  3:24  Gateway  
  37  3:28  Pylon  
  37  3:40  Probe  
  38  3:45  Pylon  
  38  3:46  Stalker  
  40  4:08  Probe x2  
  42  4:12  Phoenix  
  42  4:20  Probe (Chrono Boost)  
  42  4:21  Probe (Chrono Boost)  
  45  4:31  Assimilator  
  45  4:32  Probe (Chrono Boost)  
  45  4:33  Probe (Chrono Boost)  
  45  4:35  Assimilator  
  46  4:39  Probe (Chrono Boost)  
  46  4:41  Stalker x2  
  46  4:42  Stalker  
  46  4:45  Probe  
  54  4:49  Probe  
  55  5:08  Nexus  
  55  5:10  Pylon  
  55  5:16  Zealot x3  
  57  5:29  Probe (Chrono Boost)  
  57  5:30  Probe (Chrono Boost)  
  58  5:41  Probe (Chrono Boost)  
  58  5:42  Probe (Chrono Boost)  
  62  5:50  Probe x2 (Chrono Boost)  
  62  5:56  Forge x2  
  62  5:58  Stalker x2  
  62  6:00  Twilight Council  
  66  6:04  Stalker  
  72  6:27  Probe x2 (Chrono Boost)  
  72  6:29  Protoss Ground Weapons Level 1 (Chrono Boost)  
  72  6:30  Protoss Ground Armor Level 1 (Chrono Boost)  
  70  6:39  Probe (Chrono Boost)  
  72  6:40  Probe (Chrono Boost)  
  72  6:44  Immortal  
  76  6:48  Stalker x3  
  82  7:13  Stalker x3  
  72  7:37  Probe x2  
  72  7:38  Probe  
  75  7:45  Stalker x2, Photon Cannon  
  75  7:48  Photon Cannon  
  75  7:49  Probe  
  75  7:50  Probe, Blink (Chrono Boost)  
  75  7:51  Pylon  
  81  8:04  Stargate  
  81  8:06  Probe  
  81  8:08  Probe x2  
  84  8:13  Assimilator  
  84  8:24  Stalker  
  84  8:26  Stalker  
  83  8:48  Stalker x2  
  81  9:05  Photon Cannon  
  81  9:08  Photon Cannon  
  69  9:40  Stalker x2  
  69  9:41  Stalker  
Tags
 
Add a new tag
Caveats
  • Supply blocks, unpowered buildings, or Contaminate may cause inaccurate times.
  • Supply counts are checked every 10 seconds.